 Dungeon Crawl Stone Soup version 0.23.1 (webtiles) character file.

Game seed: 6018370655194761302

99 Fang the Skirmisher (level 4, 0/43 HPs)
             Began as a Gargoyle Berserker on Mar 6, 2019.
             Was a Follower of Trog.
             Slain by Natasha (6 damage)
             ... on level 2 of the Dungeon.
             The game lasted 00:01:04 (1059 turns).

Fang the Skirmisher (Gargoyle Berserker)            Turns: 1059, Time: 00:01:04

Health: 0/43       AC:  6    Str: 27    XL:     4   Next: 72%
Magic:  4/4        EV: 12    Int:  7    God:    Trog [*.....]
Gold:   44         SH:  0    Dex:  9    Spells: 3/3 levels left

rFire    . . .     SeeInvis .   a - +0 hand axe
rCold    . . .     Gourm    .   (no shield)
rNeg     + . .     Faith    .   b - +0 animal skin
rPois    ∞         Spirit   .   (no helmet)
rElec    +         Reflect  .   m - -1 cloak (curse)
rCorr    .         Harm     .   (no gloves)
MR       .....                  (no boots)
Stlth    ..........             (no amulet)
HPRegen  0.14/turn              (no ring)
MPRegen  0.09/turn              (no ring)

@: berserking (expiring), slowed
A: negative energy resistance 1, electricity resistance, unbreathing,
petrification resistance, rot immunity, AC +3
a: Berserk, Renounce Religion


You were on level 2 of the Dungeon.
You worshipped Trog.
Trog was aware of your devotion.
You were very hungry.

You visited 1 branch of the dungeon, and saw 2 of its levels.

You collected 44 gold pieces.

Inventory:

Hand Weapons
 a - a +0 hand axe (weapon)
Armour
 b - a +0 animal skin (worn)
 m - a cursed -1 cloak (worn)
Scrolls
 e - 5 scrolls of identify {unknown}
 g - a scroll of blinking {unknown}
 i - a scroll of amnesia {unknown}
 j - a scroll of magic mapping {unknown}
 k - a scroll of teleportation {unknown}
 l - a scroll of random uselessness {unknown}
 n - a scroll of fog {unknown}
Potions
 d - a potion of curing {unknown}
 f - a potion of magic {unknown}
 h - a potion of degeneration {unknown}
Comestibles
 c - 3 rations
 o - 5 chunks of flesh


   Skills:
 + Level 4.0 Fighting
 + Level 3.3 Axes
 + Level 3.2 Armour
 + Level 2.3 Dodging


You had 3 spell levels left.
You didn't know any spells.
Your spell library was empty.

Dungeon Overview and Level Annotations

Branches:
Dungeon (2/15)

Altars:

Annotations:
D:2 Natasha


Innate Abilities, Weirdness & Mutations

You are resistant to torment.
Your stone body is resilient. (AC +3)
You are immune to poison.
You resist negative energy. (rN+)
You are resistant to electric shocks. (rElec)
You can survive without breathing.
You are immune to petrification.
You are immune to rotting.


Message History

an adder corpse x2
You hit the gnoll.
The gnoll is moderately wounded.
You hit Natasha.
A ball python comes into view.
Natasha closely misses you. The gnoll hits you with a +0 spear.
* * * LOW HITPOINT WARNING * * *
The ball python hisses angrily.
You slash the gnoll!
You kill the gnoll!
Trog accepts your kill.
You closely miss Natasha.
Natasha howls an incantation.
Natasha glows brightly for a moment.
Natasha claws you.
* * * LOW HITPOINT WARNING * * *
You hit the gnoll.
The gnoll is heavily wounded.
You closely miss Natasha. Natasha claws you.
You die...

.. .... .. .... #
....... . .#..... # #
....... # #. ....... #
####.#########h.....#
###.............@g.....#
.).............###......
.........#.###.# ....#
.#########)# #.# ...# .#
#)# #.# ### .# #.# #.#
.##### #.# #.# .....###
#.# #.# ##.....###.###.#


You could see Natasha and a gnoll.

Vanquished Creatures
  5 gnolls (D:2)
  2 adders (D:2)
  An ooze (D:1)
  A worm (D:2)
  2 dart slugs (D:1)
  3 bats (D:1)
  4 hobgoblins
  2 jackals (D:2)
  A frilled lizard (D:1)
  2 kobolds (D:1)
  4 rats
27 creatures vanquished.

Notes
Turn   | Place    | Note
-------+----------+-------------------------------------------
     0 | D:1      | Fang the Gargoyle Berserker began the quest for the Orb.
     0 | D:1      | Reached XP level 1. HP: 14/14 MP: 1/1
   169 | D:1      | Reached XP level 2. HP: 17/19 MP: 2/2
   791 | D:2      | Reached XP level 3. HP: 23/23 MP: 3/3
   899 | D:2      | HP: 1/36 [gnoll/+0 spear (5)]
   903 | D:2      | Reached XP level 4. HP: 1/29 MP: 4/4
  1046 | D:2      | Noticed Natasha
  1053 | D:2      | Reached skill level 4 in Fighting
  1059 | D:2      | Slain by Natasha

Skill      XL: |  1  2  3  4 |
---------------+-------------+-----
Axes           | 3 |  3.3
Dodging        | 2 |  2.3
Armour         | 3 |  3.2
Fighting       | 4 |  4.0

Action                   |  1- 3 |  4- 6 || total
-------------------------+-------+-------++-------
Melee: Hand axe          |    64 |    17 ||    81
Invok: Berserk           |     2 |     1 ||     3
 Stab: Sleeping          |     1 |       ||     1
  Eat: Chunk             |     1 |     1 ||     2
Armor: Animal skin       |    27 |     3 ||    30
Dodge: Dodged            |    49 |    10 ||    59
